 Dungeon Crawl Stone Soup version 0.15-a0-2123-gb18dd36 (webtiles) character file.

2421 Conan321 the Magician (level 9, 0/53 HPs)
             Began as an Octopode Wizard on July 16, 2014.
             Was a Believer of Vehumet.
             Slain by an orc warrior
             ... wielding a +0 glaive
              (18 damage)
             ... on Level 8 of the Dungeon.
             The game lasted 01:09:41 (12452 turns).

Conan321 the Magician (Octopode Wizard)            Turns: 12452, Time: 01:09:41

HP   0/53        AC  7     Str  7      XL: 9   Next: 48%
MP   6/25        EV 13     Int 23      God: Vehumet [**....]
Gold 559         SH  0     Dex 10      Spells:  7 memorised,  8 levels left

rFire  . . .     SeeInvis .     a - +3 dagger (protect)
rCold  . . .     Clarity  .     (no shield)
rNeg   . . .     rCorr    .     u - +0 hat (curse)
rPois  .         rRot     .     (no amulet)
rElec  .         Spirit   .     (no ring)
SustAb .         Warding  .     (no ring)
rMut   .         Stasis   .     (no ring)
Gourm  .                        (no ring)
MR     .....                    (no ring)
                                (no ring)
                                (no ring)
                                (no ring)

@: very slightly contaminated, not resistant to hostile enchantments, stealthy
A: almost no armour, amphibious, 8 rings, constrict 8, camouflage 1, shaggy fur
1, gelatinous body 1
a: Renounce Religion


You were on level 8 of the Dungeon.
You worshipped Vehumet.
Vehumet was pleased with you.
You were not hungry.

You visited 2 branches of the dungeon, and saw 9 of its levels.
You also visited: Sewer and Ossuary.

You collected 559 gold pieces.

Inventory:

Hand weapons
 a - a +3 dagger of protection (weapon)
 b - a +1 hunting sling of velocity
 F - a cursed +0 spear of flaming
Missiles
 g - 18 silver sling bullets
 j - 29 poisoned needles
 k - 23 sling bullets
 p - 3 needles of sleeping
 x - 6 javelins
 A - 20 stones
 K - 4 steel tomahawks (quivered)
Armour
 u - a cursed +0 hat (worn)
Magical devices
 l - a wand of teleportation (7)
 n - a wand of fireball (5) {unknown}
 o - a wand of confusion (11)
 y - a wand of paralysis (16) {unknown}
 G - a wand of random effects (3) {unknown}
 I - a wand of random effects (17) {unknown}
Comestibles
 d - 6 bread rations
 h - 2 royal jellies
 q - 4 meat rations
 s - 2 slices of pizza
 z - 3 chunks of ogre flesh
 B - a fruit
 C - a beef jerky
Scrolls
 e - 3 scrolls of remove curse
 i - 8 scrolls of identify
 m - a scroll of recharging
 r - 2 scrolls of magic mapping
 v - 3 scrolls of teleportation
 D - 2 scrolls of fog
 H - a scroll of brand weapon
 J - a scroll of enchant armour {unknown}
 P - 2 scrolls of amnesia
Potions
 f - 8 potions of curing
 t - 2 potions of invisibility
 w - 2 potions of flight
 E - a potion of might
 N - a potion of heal wounds
 Q - a potion of agility
Books
 c - a book of Minor Magic

   Spells                             Type                      Level
   *Magic Dart                        Conjuration                  1
   *Blink                             Translocation                2
   *Call Imp                          Summoning                    2
   Repel Missiles                     Charms/Air                   2
   Slow                               Hexes                        2
   *Conjure Flame                     Conjuration/Fire             3
   *Mephitic Cloud                    Conjuration/Poison/Air       3
 L - a book of Beasts

   Spells                             Type                      Level
   Summon Butterflies                 Summoning                    1
   *Call Canine Familiar              Summoning                    3
   Summon Ice Beast                   Ice/Summoning                4
   Summon Mana Viper                  Hexes/Summoning              5
   Monstrous Menagerie                Summoning                    6
   Summon Hydra                       Summoning                    7
Magical staves
 M - a cursed staff of earth


   Skills:
 + Level 1.5 Fighting
 + Level 1.4 Short Blades
 + Level 2.6(2.7) Slings
 + Level 1.3(1.7) Throwing
 + Level 4.7 Dodging
 + Level 4.9 Stealth
 + Level 7.8 Spellcasting
 + Level 6.1 Conjurations
 + Level 1.6 Summonings
 + Level 1.8 Translocations
 + Level 0.2 Fire Magic
 + Level 1.0 Air Magic
 + Level 1.0 Poison Magic
 + Level 0.8 Evocations


You had 8 spell levels left.
You knew the following spells:

 Your Spells              Type           Power        Failure   Level  Hunger
a - Magic Dart            Conj           ####         1%          1    None
b - Blink                 Tloc           N/A          6%          2    None
c - Call Imp              Summ           ###.....     6%          2    None
d - Mephitic Cloud        Conj/Pois/Air  ###.....     10%         3    None
e - Conjure Flame         Conj/Fire      ###.....     8%          3    None
f - Call Canine Familiar  Summ           ###.....     12%         3    None
g - Shock                 Conj/Air       ####         1%          1    None


Dungeon Overview and Level Annotations

Branches:
Dungeon (8/15)             Temple (1/1) D:6
   Lair: D:8-11

Altars:
Cheibriados
Dithmenos
Elyvilon
Fedhas
Kikubaaqudgha
Makhleb
Nemelex Xobeh
Okawaru
Qazlal
Trog
Vehumet
Xom
Yredelemnul
Zin
The Shining One

Shops:
D:5 (   D:8 [


Innate Abilities, Weirdness & Mutations

You cannot wear most types of armour.
You are amphibious.
You can wear up to eight rings at the same time.
You can use your tentacles to constrict many enemies at once.
Your skin changes colour to match your surroundings (Stealth).
Your rubbery body absorbs attacks (AC +1).
You are covered in fur (AC +1).


Message History

Aim: an orc warrior, wielding a glaive and wearing a chain mail (heavily wounded)
The magic dart hits the orc warrior.
The orc warrior is heavily wounded.
The orc warrior hits you from afar with a glaive!
Casting: Magic Dart
Confirm with . or Enter, or press ? or * to list all spells.
You blink.
Casting: Blink
Confirm with . or Enter, or press ? or * to list all spells.
You blink.
A hound comes into view.
The hound moves out of view.
The orc wizard points at you and mumbles some strange words.
The magic dart hits you!
Read which item? (? for menu, Esc to quit)
Okay, then.
Drink which item? (? for menu, Esc to quit)
Okay, then.
The orc warrior hits you from afar with a glaive!!
You die...

..... #............##.....#
...s.. #............##.....#
....< +....)..............#
#... ###'####..........<.#
..##...##.....##.....##.....#
..........)...##.....##.....#
..............'.......#.....#
..............#h.(....#.....#
.###...##.....##@.....+.....#
#... #####'##.....##.....#
..... #.....##.go.[##.....#
...... #......o......+.....#
. ..... +[.....#......#.....#
. #... #......#......#.....#
.####+###......#......#.....#
..#....##....###.....##.....#
.g#....#####'##########.....#


You could see an orc warrior, a hound, an orc wizard and a hobgoblin.

Vanquished Creatures
  A hungry ghost (D:8)
  Menkaure (Ossuary)
  The ghost of Rainy the Ruinous, an average KoIE (D:4)
  A phantom (D:4)
  An ogre (D:8)
  Duvessa (D:5)
  Blork the orc (D:5)
  2 giant frogs (D:7)
  A scorpion (D:8)
  A gnoll sergeant (D:3)
  Dowan (D:5)
  A crimson imp (D:7)
  A goliath beetle (D:6)
  4 orc priests
  5 wights (D:7)
  A giant frog skeleton (D:7)
  A gnoll shaman (D:3)
  2 hounds
  4 orc wizards
  2 iguanas (D:5)
  3 worker ants
  Ijyb (D:3)
  3 mummies
  9 adders
  A hound skeleton (D:8)
  40 gnolls
  2 shadow imps
  2 giant mites
  3 orc skeletons
  5 worms
  11 giant geckos
  6 oozes
  30 orcs
  21 bats
  12 hobgoblins
  25 jackals
  10 kobolds
  6 quokkas
  3 ball pythons (Sewer)
  5 giant cockroaches
  7 giant newts
  A giant newt skeleton (D:5)
  A giant spore (D:8)
  2 gnoll skeletons (Ossuary)
  A gnoll zombie (Ossuary)
  19 goblins
  A goblin skeleton (Ossuary)
  2 goblin zombies (Ossuary)
  2 hobgoblin skeletons (Ossuary)
  A hobgoblin zombie (Ossuary)
  2 kobold skeletons
  3 kobold zombies (Ossuary)
  3 orc zombies
  18 rats
  A rat skeleton (Ossuary)
  A spectral orc (D:8)
  A ballistomycete (D:8)
297 creatures vanquished.

Vanquished Creatures (collateral kills)
  A gnoll shaman (D:3)
  An adder (D:4)
  An orc skeleton (D:5)
3 creatures vanquished.

Vanquished Creatures (others)
  A hound (D:7)
  A mummy (Ossuary)
  A white imp (D:4)
  2 gnoll skeletons (Ossuary)
  3 gnoll zombies (Ossuary)
  4 goblin skeletons (Ossuary)
  3 goblin zombies (Ossuary)
  2 hobgoblin skeletons (Ossuary)
  2 hobgoblin zombies (Ossuary)
  A kobold skeleton (Ossuary)
  3 kobold zombies (Ossuary)
  6 orc skeletons (Ossuary)
  2 orc zombies (Ossuary)
  2 rat skeletons (Ossuary)
  3 rat zombies (Ossuary)
36 creatures vanquished.

Grand Total: 336 creatures vanquished

Notes
Turn   | Place    | Note
--------------------------------------------------------------
     0 | D:1      | Conan321, the Octopode Wizard, began the quest for the Orb.
     0 | D:1      | Reached XP level 1. HP: 11/11 MP: 4/4
   409 | D:1      | Reached XP level 2. HP: 13/17 MP: 1/6
   414 | D:1      | Learned a level 2 spell: Blink
   417 | D:1      | Learned a level 2 spell: Call Imp
   862 | D:1      | Reached XP level 3. HP: 21/21 MP: 0/8
  1476 | D:2      | Reached XP level 4. HP: 15/27 MP: 1/10
  2151 | D:2      | Learned a level 3 spell: Mephitic Cloud
  2157 | D:2      | Reached skill level 4 in Spellcasting
  2592 | D:3      | Reached XP level 5. HP: 21/31 MP: 2/13
  2865 | D:3      | Noticed a gnoll sergeant
  3718 | D:3      | Reached XP level 6. HP: 37/37 MP: 9/15
  3761 | D:3      | Learned a level 3 spell: Conjure Flame
  3824 | D:3      | Gained mutation: You are agile. (Dex +2) [potion of beneficial mutation]
  3882 | D:3      | Killed a gnoll sergeant
  3882 | D:3      | Reached skill level 1 in Fighting
  4113 | D:3      | Noticed Ijyb
  4128 | D:3      | Killed Ijyb
  4240 | D:3      | Found a burning altar of Makhleb.
  4245 | D:3      | Found a glowing silver altar of Zin.
  4245 | D:3      | Noticed a blizzard demon
  4245 | D:3      | Noticed an angel
  4493 | D:3      | Reached skill level 5 in Spellcasting
  4669 | D:3      | Reached XP level 7. HP: 21/43 MP: 1/18
  5193 | D:3      | Found a stormy altar of Qazlal.
  5208 | D:3      | Found a sparkling altar of Nemelex Xobeh.
  6135 | D:4      | Found a glowing drain.
  6158 | Sewer    | Entered a sewer
  6873 | D:4      | Reached XP level 8. HP: 7/48 MP: 1/21
  7498 | D:4      | Noticed Rainy's ghost (average KoIE)
  7524 | D:4      | Killed Rainy's ghost
  7524 | D:4      | Reached skill level 6 in Spellcasting
  7524 | D:4      | Reached skill level 5 in Conjurations
  8502 | D:5      | Entered Level 5 of the Dungeon
  8502 | D:5      | Noticed Duvessa
  8505 | D:5      | Noticed Dowan
  8518 | D:5      | Killed Duvessa
  8535 | D:5      | Killed Dowan
  8535 | D:5      | Reached skill level 1 in Short Blades
  8760 | D:5      | Noticed Blork the orc
  8764 | D:5      | Found Throipt's Weapon Shop.
  8778 | D:5      | Killed Blork the orc
  9134 | D:5      | Reached skill level 1 in Air Magic
  9465 | D:6      | Found a staircase to the Ecumenical Temple.
  9473 | Temple   | Entered the Ecumenical Temple
  9486 | Temple   | Became a worshipper of Vehumet
 10208 | D:6      | Reached skill level 1 in Slings
 10626 | D:7      | Reached skill level 7 in Spellcasting
 10626 | D:7      | Reached XP level 9. HP: 47/53 MP: 22/24
 10854 | D:7      | Found a sand-covered staircase.
 10880 | Ossuary  | Entered an ossuary
 11026 | Ossuary  | Acquired Vehumet's first power
 11026 | Ossuary  | Offered knowledge of Shock by Vehumet.
 11266 | Ossuary  | Learned a level 3 spell: Call Canine Familiar
 11268 | Ossuary  | Learned a level 1 spell: Shock
 11347 | Ossuary  | Noticed Menkaure
 11355 | Ossuary  | Killed Menkaure
 11409 | Ossuary  | Gained mutation: Your flesh is heat resistant. [potion of mutation]
 11409 | Ossuary  | Gained mutation: You are covered in fur (AC +1). [potion of mutation]
 11409 | Ossuary  | Gained mutation: Your spells are a little harder to cast, but a little more powerful. [potion of mutation]
 11410 | Ossuary  | Lost mutation: You are agile. (Dex +2) [potion of cure mutation]
 11410 | Ossuary  | Lost mutation: Your spells are a little harder to cast, but a little more powerful. [potion of cure mutation]
 11410 | Ossuary  | Lost mutation: Your flesh is heat resistant. [potion of cure mutation]
 12081 | D:8      | Reached skill level 1 in Throwing
 12293 | D:8      | Reached skill level 1 in Poison Magic
 12330 | D:8      | Found Thruakim's Armour Shop.
 12351 | D:8      | Found a basalt altar of Yredelemnul.
 12452 | D:8      | Slain by an orc warrior

Action                   |  1- 3 |  4- 6 |  7- 9 || total
-------------------------+-------+-------+-------++-------
Melee: Unarmed           |    10 |       |       ||    10
       Dagger            |    46 |    40 |    93 ||   179
 Fire: Hunting sling     |       |       |    98 ||    98
Throw: Tomahawk          |       |       |    16 ||    16
       Stone             |       |       |     1 ||     1
 Cast: Magic Dart        |    95 |   277 |   516 ||   888
       Blink             |       |     2 |    16 ||    18
       Mephitic Cloud    |       |     3 |    18 ||    21
       Conjure Flame     |       |     2 |       ||     2
       Call Imp          |       |       |     7 ||     7
       Call Canine Famil |       |       |     3 ||     3
Evoke: Wand              |       |     1 |     2 ||     3
  Use: Scroll            |       |     5 |     9 ||    14
       Potion            |       |     1 |     9 ||    10
 Stab: Sleeping          |     2 |       |     4 ||     6
       Confused          |       |       |     1 ||     1
  Eat: Chunk             |     2 |    10 |    23 ||    35
       Fruit             |       |       |     1 ||     1
